 Dungeon Crawl Stone Soup version 0.21-a0-634-gaf8bc5d (webtiles) character file.

64 Firecrotchwizard the Covered (level 4, -1/29 HPs)
             Began as a Gargoyle Fighter on Dec 29, 2017.
             Slain by Purgy (2 damage)
             ... on level 3 of the Dungeon.
             The game lasted 00:03:41 (1788 turns).

Firecrotchwizard the Covered (Gargoyle Fighter)     Turns: 1788, Time: 00:03:42

Health: -1/29      AC: 11    Str: 19    XL:     4   Next: 12%
Magic:  4/4        EV:  7    Int:  9    God:
Gold:   56         SH:  9    Dex: 10    Spells: 3/3 levels left

rFire    . . .     SeeInvis .   a - +0 flail
rCold    . . .     Gourm    .   c - +0 shield
rNeg     + . .     Faith    .   b - +0 scale mail
rPois    ∞         Spirit   .   o - +0 helmet
rElec    +         Reflect  .   (no cloak)
rCorr    .         Harm     .   (no gloves)
MR       .....                  (no boots)
Stlth    ..........             (no amulet)
HPRegen  0.09/turn              (no ring)
MPRegen  0.09/turn              (no ring)

@: no status effects
A: negative energy resistance 1, electricity resistance, unbreathing,
petrification resistance, rot immunity, AC +3
a: no special abilities


You were on level 3 of the Dungeon.
You were not hungry.

You visited 1 branch of the dungeon, and saw 3 of its levels.

You collected 56 gold pieces.

Inventory:

Hand Weapons
 a - a +0 flail (weapon)
Missiles
 h - 29 stones (quivered)
Armour
 b - a +0 scale mail (worn)
 c - a +0 shield (worn)
 j - a cursed +0 leather armour
   (You found it on level 1 of the Dungeon)
 o - a +0 helmet (worn)
   (You found it on level 2 of the Dungeon)
Scrolls
 e - a scroll of enchant weapon {unknown}
 g - a scroll of enchant armour {unknown}
 i - 2 scrolls of blinking {unknown}
 l - 2 scrolls of amnesia {unknown}
Potions
 d - a potion of might
 k - 3 potions of heal wounds {unknown}
 n - a potion of haste {unknown}
Comestibles
 f - 3 rations {@e1}
 m - 4 chunks of flesh {@w0}


   Skills:
 + Level 3.7 Fighting
 * Level 3.1 Maces & Flails
 + Level 3.7 Armour
 + Level 3.7 Shields


You had 3 spell levels left.
You didn't know any spells.

Dungeon Overview and Level Annotations

Branches:
Dungeon (3/15)

Altars:

Annotations:
D:3 Purgy


Innate Abilities, Weirdness & Mutations

You are resistant to torment.
Your stone body is resilient. (AC +3)
You are immune to poison.
You resist negative energy. (rN+)
You are resistant to electric shocks. (rElec)
You can survive without breathing.
You are immune to petrification.
You are immune to rotting.


Message History

You throw a stone. The stone barely misses Purgy.
Aim: Purgy You throw a stone.
The stone hits Purgy.
Purgy snarls, "Go!
Away!"
The frilled lizard hisses.
You sock Purgy! Purgy barely misses you. You block Purgy's attack.
Purgy claws you but does no damage. Purgy closely misses you.
Purgy claws you but does no damage. x2
You closely miss Purgy. You block Purgy's attack. Purgy claws you. x2
You take 4 damage, and have 23/29 hp.
You hit Purgy but do no damage. You block Purgy's attack. Purgy claws you.
You block Purgy's attack. The frilled lizard closely misses you.
You barely miss Purgy. You block Purgy's attack.
Purgy claws you but does no damage. x2
The frilled lizard bites you but does no damage.
Purgy bites you. Purgy claws you. You block Purgy's attack.
You take 4 damage, and have 19/29 hp.
You closely miss Purgy.
The frilled lizard bites you but does no damage.
Purgy barely misses you.
Purgy claws you. x2; The frilled lizard bites you.
You take 5 damage, and have 14/29 hp.
You barely miss Purgy. Purgy barely misses you. You block Purgy's attack. x2
The frilled lizard bites you. Purgy bites you.
* * * LOW HITPOINT WARNING * * *
Purgy claws you but does no damage. x2
You take 8 damage, and have 6/29 hp.
MASSIVE DAMAGE!!
You block Purgy's attack. Purgy barely misses you.
Purgy claws you but does no damage.
There is a stone staircase leading up here.
Purgy pleads, "Don't hit me!"
The frilled lizard bites you but does no damage.
The frilled lizard barely misses you.
Purgy hisses menacingly.
Purgy barely misses you. Purgy claws you but does no damage.
Purgy barely misses you.
An orc comes into view. It is wielding a dagger.
The orc shouts!
Purgy barely misses you. Purgy claws you but does no damage.
Purgy barely misses you. Purgy bites you.
* * * LOW HITPOINT WARNING * * *
Purgy claws you but does no damage. x2
There is a stone staircase leading up here.
You take 2 damage, and have 7/29 hp.
Purgy snarls, "Go!
Away!"
There is a stone staircase leading up here.
There's nothing to close nearby.
You aren't carrying any items that you can evoke.
Your shield and scale mail prevent you from hitting Purgy.
You block Purgy's attack. Purgy claws you but does no damage.
You block Purgy's attack.
You closely miss Purgy.
Purgy snarls, "Go!
Away!"
You block Purgy's attack. Purgy claws you but does no damage. x2
Purgy clenches his claws.
You block Purgy's attack. Purgy claws you but does no damage. x2
You hit Purgy.
The frilled lizard bites you but does no damage.
Purgy closely misses you. You block Purgy's attack.
Purgy claws you but does no damage.
You sock Purgy! You block the frilled lizard's attack.
Purgy looks around nervously.
Purgy bites you but does no damage. Purgy barely misses you.
Purgy claws you but does no damage.
The frilled lizard bites you but does no damage.
Purgy bites you. Purgy claws you.
* * * LOW HITPOINT WARNING * * *
Purgy claws you but does no damage.
You take 3 damage, and have 8/29 hp.
You barely miss Purgy. You block the frilled lizard's attack.
You block Purgy's attack. Purgy claws you but does no damage.
You block Purgy's attack.
You sock Purgy! You block the frilled lizard's attack.
Purgy closely misses you. You block Purgy's attack. Purgy barely misses you.
You closely miss Purgy. The frilled lizard barely misses you.
You block Purgy's attack. x3
You completely miss Purgy. The frilled lizard barely misses you.
Purgy bites you.
* * * LOW HITPOINT WARNING * * *
Purgy closely misses you. Purgy claws you but does no damage.
Purgy closely misses you. x2; Purgy claws you.
* * * LOW HITPOINT WARNING * * *
You block the frilled lizard's attack.
You take 6 damage, and have 2/29 hp.
MASSIVE DAMAGE!!
You sock the frilled lizard!
You kill the frilled lizard!
Your shield prevents you from hitting Purgy.
Purgy completely misses you. Purgy claws you but does no damage. x2
You hit Purgy but do no damage. Purgy bites you but does no damage.
You block Purgy's attack. x3; Purgy claws you but does no damage.
Purgy barely misses you.
You sock Purgy! Purgy bites you but does no damage. Purgy claws you.
* * * LOW HITPOINT WARNING * * *
You block Purgy's attack.
You take 2 damage, and have 1/29 hp.
You hit Purgy. Purgy bites you but does no damage. You block Purgy's attack.
Purgy claws you.
You die...

#.#.ol...# #.#.####.#
#.#.# #.# #.#l# #.#
#.#o## #.#
.......+....# #.#
.#......#.#..###o#
........#.#....#l#
........#@##...#.#
........#T######.###.#
........#o#.l.l.o....#
........#<#.####.#####
..(..(..).#......#
................>#
..........########
##...(.......
##.(....#####


You could see Purgy and an orc.

Vanquished Creatures
  An adder (D:2)
  2 worms
  3 dart slugs
  A leopard gecko (D:2)
  8 bats
  A giant cockroach (D:1)
  3 goblins
  9 hobgoblins
  5 kobolds
  3 frilled lizards
  9 rats
45 creatures vanquished.

Notes
Turn   | Place    | Note
-------+----------+-------------------------------------------
     0 | D:1      | Firecrotchwizard the Gargoyle Fighter began the quest for the Orb.
     0 | D:1      | Reached XP level 1. HP: 14/14 MP: 1/1
   172 | D:1      | Reached XP level 2. HP: 16/19 MP: 2/2
   528 | D:1      | Reached XP level 3. HP: 23/23 MP: 3/3
  1246 | D:2      | Reached skill level 3 in Maces & Flails
  1538 | D:2      | Reached XP level 4. HP: 29/29 MP: 4/4
  1688 | D:3      | Noticed Purgy
  1701 | D:3      | HP: 6/29 [Purgy (6)]
  1740 | D:3      | HP: 7/29 [Purgy (2)]
  1780 | D:3      | HP: 4/29 [Purgy (4)]
  1787 | D:3      | HP: 1/29 [Purgy (2)]
  1788 | D:3      | Slain by Purgy

Vault maps used:
D:1:      lightli_iron_boxes
D:2:      minmay_tetromino_s2
D:3:      uniq_purgy

Skill      XL: |  1  2  3 |
---------------+----------+-----
Maces & Flails | 3 |  3.1
Fighting       | |  3.7
Armour         | |  3.7
Shields        | |  3.7

Action                   |  1- 3 |  4- 6 || total
-------------------------+-------+-------++-------
Melee: Flail             |   113 |    33 ||   146
Throw: Stone             |    69 |    21 ||    90
  Eat: Chunk             |     2 |     1 ||     3
Armor: Scale mail        |    60 |    39 ||    99
Dodge: Dodged            |    32 |    26 ||    58
Block: Shield            |    66 |    32 ||    98

Table legend:
 A = Spawn XP
 B = Non-spawn XP
 C = Spawn XP percentage of total XP
 D = Spawn monster count
 E = Non-spawn monster count
 F = Spawn count percentage of total count
 G = Total turns spent on level
                    A         B        C        D         E        F      G
               +---------+---------+-------+---------+---------+-------+---------
         Total |       0 |      92 |   0.0 |       0 |      45 |   0.0 |  1788
               +---------+---------+-------+---------+---------+-------+---------
           D:1 |       0 |      45 |   0.0 |       0 |      28 |   0.0 |   893
           D:2 |       0 |      39 |   0.0 |       0 |      14 |   0.0 |   770
           D:3 |       0 |       8 |   0.0 |       0 |       3 |   0.0 |   125
               +---------+---------+-------+---------+---------+-------+---------

Vault maps used:
D:1:      lightli_iron_boxes
D:2:      minmay_tetromino_s2
D:3:      uniq_purgy

Table legend:
 A = Turns spent in this place as a percentage of turns spent in the entire game.
 B = Non-inter-level travel turns spent in this place as a percentage of non-inter-level travel turns spent in the entire game.
 C = Inter-level travel turns spent in this place as a percentage of turns spent in this place.
 D = Turns resting spent in this place as a percentage of non-inter-level travel turns spent in this place.
 E = Turns spent auto-exploring this place as a percentage of non-inter-level travel turns spent in this place.
 F = Non-inter-level travel turns spent in this place divided by the number of levels of this place that you've seen.
                   A       B       C       D       E      F
               +-------+-------+-------+-------+-------+----------------------
         Total | 100.0 | 100.0 |   1.8 |   9.4 |  68.1 | 585.3
       Dungeon | 100.0 | 100.0 |   1.8 |   9.4 |  68.1 | 585.3
               +-------+-------+-------+-------+-------+----------------------

Table legend:
 A = Kills in this place as a percentage of kills in entire the game.
 B = Kills by you in this place as a percentage of kills by you in the entire game.
 C = Kills by friends in this place as a percentage of kills by friends in the entire game.
 D = Other kills in this place as a percentage of other kills in the entire game.
 E = Experience gained in this place as a percentage of experience gained in the entire game.
 F = Experience gained in this place divided by the number of levels of this place that you have seen.
                   A       B       C       D       E      F
               +-------+-------+-------+-------+-------+----------------------
         Total | 100.0 | 100.0 |   N/A |   N/A | 100.0 |  30.7
       Dungeon | 100.0 | 100.0 |   N/A |   N/A | 100.0 |  30.7
               +-------+-------+-------+-------+-------+----------------------
